Map: 오토메이턴 - 래더

Players

Serral - Winner!

  • Race: Zerg Zerg

INnoVation

  • Race: Terran Terran

Event: WESG 2018 Grand Finals

VOD

Have the link to the VOD?

Description

Time

  • Played on: March 17, 2019, 4:48 a.m.
  • Length: 10:20

All games in this series

Show
View Real Time Build Order
Export as new Build Order

Serral Zerg - Winner!

Build Orders: Hatch First, Ravager All-In 

Get SALT Encoding   

  12  0:00  Drone  
  13  0:13  Overlord  
  13  0:18  Drone  
  14  0:31  Drone  
  14  0:32  Drone  
  16  0:38  Drone  
  17  0:53  Hatchery  
  17  0:57  Drone  
  17  1:00  Drone  
  18  1:11  Extractor  
  18  1:14  Spawning Pool  
  18  1:18  Drone  
  17  1:20  Drone  
  18  1:28  Drone  
  19  1:41  Drone  
  20  1:49  Drone  
  21  2:03  Queen  
  21  2:04  Roach Warren  
  21  2:05  Queen, Zergling x2  
  25  2:11  Overlord  
  25  2:16  Drone  
  25  2:17  Extractor  
  25  2:22  Drone  
  26  2:33  Drone  
  26  2:44  Roach  
  26  2:45  Roach x2  
  26  2:48  Overlord  
  32  2:55  Roach  
  34  3:03  Queen  
  36  3:10  Ravager x2  
  36  3:11  Ravager  
  39  3:13  Spore Crawler  
  39  3:17  Roach  
  41  3:21  Overlord  
  41  3:23  Drone  
  41  3:24  Zergling x2  
  43  3:27  Drone  
  44  3:34  Overlord  
  44  3:42  Ravager  
  44  3:47  Drone x3  
  44  3:48  Drone  
  49  3:57  Ravager  
  50  4:05  Drone x3  
  50  4:06  Metabolic Boost  
  53  4:17  Drone x3  
  55  4:24  Drone  
  56  4:34  Queen  
  56  4:35  Lair  
  58  4:41  Drone  
  58  4:44  Spore Crawler  
  58  4:47  Hatchery  
  58  4:50  Spore Crawler  
  58  4:51  Overlord  
  58  4:52  Spore Crawler  
  55  4:56  Overlord  
  55  5:12  Overlord  
  55  5:14  Queen  
  55  5:16  Drone  
  55  5:17  Zergling x4  
  60  5:27  Overlord  
  60  5:40  Zergling x16  
  68  5:45  Overseer  
  68  5:47  Zergling x8  
  72  5:58  Zergling x2  
  73  6:06  Zergling x6  
  73  6:07  Queen  
  73  6:08  Queen x2  
  73  6:10  Glial Reconstitution  
  82  6:14  Overlord  
  82  6:17  Overlord  
  82  6:18  Overlord  
  79  6:30  Zergling x6  
  82  6:37  Zergling x14  
  89  6:43  Drone  
  89  6:45  Drone x2  
  85  6:55  Drone x3  
  73  7:03  Overseer  
  73  7:06  Queen  
  73  7:07  Zergling x6  
  77  7:10  Drone, Extractor  
  77  7:11  Drone, Extractor  
  77  7:12  Drone  
  78  7:17  Zergling x6  
  78  7:20  Hatchery  
  78  7:22  Overseer  
  80  7:28  Zergling x6  
  71  7:37  Drone x6  
  71  7:40  Drone  
  71  7:41  Drone x3  
  80  7:48  Drone  
  80  7:49  Evolution Chamber x2  
  76  7:52  Drone x2  
  78  8:00  Drone x2  
  78  8:01  Spore Crawler  
  79  8:06  Roach  
  79  8:12  Roach x4  
  91  8:13  Roach  
  91  8:17  Overlord  
  91  8:18  Zerg Missile Weapons Level 1, Zerg Ground Armor Level 1  
  91  8:23  Roach x4  
  96  8:33  Roach x4  
  103  8:35  Ravager x5  
  108  8:41  Overlord  
  108  8:42  Roach x4  
  108  8:45  Zergling x6  
  108  8:47  Overlord  
  119  8:52  Overlord x2  
  119  9:00  Roach x4  
  127  9:03  Overlord  
  127  9:04  Overlord  
  127  9:06  Roach  
  127  9:07  Roach x2  
  127  9:16  Roach x4  
  124  9:23  Roach x2  
  124  9:35  Roach x4  
  124  9:37  Ravager x2  
  133  9:38  Zergling x2  
  133  9:42  Roach, Zergling x2  
  112  9:47  Roach  
  112  9:51  Drone  
  112  9:52  Roach x2  
  112  9:59  Roach x3  
  118  10:03  Ravager  
Show
View Real Time Build Order
Export as new Build Order

INnoVation Terran 

Build Orders: Reaper Expand 

Get SALT Encoding   

  12  0:00  SCV  
  13  0:12  SCV  
  14  0:17  Supply Depot  
  14  0:24  SCV  
  15  0:39  SCV  
  15  0:40  Barracks  
  16  0:44  Refinery  
  16  0:51  SCV  
  17  1:03  SCV  
  18  1:15  SCV  
  19  1:27  Orbital Command  
  19  1:28  Reaper  
  20  1:41  Command Center  
  20  1:50  Supply Depot  
  20  1:53  SCV  
  21  1:59  Marine  
  22  2:05  SCV  
  23  2:17  Marine, SCV  
  25  2:25  Command Center  
  25  2:31  SCV  
  25  2:35  Marine  
  25  2:36  Bunker  
  27  2:37  Factory  
  27  2:43  SCV  
  28  2:47  Supply Depot  
  28  2:48  Refinery  
  28  2:54  Marine  
  28  2:55  SCV  
  30  3:01  Supply Depot  
  30  3:07  SCV  
  30  3:12  Barracks Reactor  
  31  3:20  Starport, Factory Tech Lab  
  31  3:22  SCV  
  31  3:34  SCV  
  31  3:38  Orbital Command  
  31  3:39  Cyclone  
  35  3:46  SCV  
  35  3:48  Marine  
  36  3:49  Marine  
  38  3:58  Starport Tech Lab, SCV  
  39  4:06  Marine  
  41  4:18  Banshee, Cloaking Field, Marine  
  41  4:22  SCV x2  
  45  4:35  SCV  
  45  4:37  Supply Depot x2  
  46  4:45  Barracks Reactor  
  46  4:47  Barracks  
  46  4:52  Orbital Command  
  46  4:58  SCV  
  46  4:59  Engineering Bay  
  47  5:00  Supply Depot  
  47  5:01  Banshee  
  50  5:08  Barracks  
  50  5:09  Siege Tank  
  50  5:10  SCV  
  54  5:21  SCV  
  55  5:22  SCV  
  55  5:24  Marine x2  
  55  5:28  Bunker  
  58  5:33  SCV  
  59  5:36  Refinery  
  59  5:42  Siege Tank  
  61  5:43  Barracks Tech Lab  
  61  5:46  Marine x2  
  63  5:51  Bunker  
  62  5:59  Bunker  
  62  6:02  Stimpack  
  62  6:04  Marine  
  62  6:05  Bunker, Marine  
  62  6:06  Marine  
  62  6:07  Marine  
  66  6:13  Supply Depot  
  66  6:15  Siege Tank  
  69  6:21  Marine  
  67  6:26  Marine x2  
  67  6:27  Marine  
  67  6:28  Starport Reactor  
  68  6:39  Marine  
  66  6:44  Terran Infantry Weapons Level 1  
  66  6:45  Marine x3  
  58  6:57  Marine  
  58  6:58  Siege Tank  
  53  7:04  Marine x3  
  56  7:15  Marine, Supply Depot  
  57  7:17  Supply Depot  
  57  7:18  Supply Depot  
  57  7:22  Marine x3  
  49  7:31  Siege Tank  
  49  7:33  Marine  
  49  7:39  Marine x2  
  49  7:40  Marine  
  49  7:41  Barracks  
  52  7:45  Medivac  
  52  7:51  Marine  
  55  7:57  Marine x3  
  58  8:04  Combat Shield  
  58  8:08  Marine  
  59  8:15  Marine x2  
  59  8:19  Marine  
  62  8:26  Medivac, Marine  
  65  8:30  Marine  
  65  8:33  Marine x2  
  68  8:37  Marine  
  69  8:44  Marine  
  69  8:47  Medivac  
  69  8:48  Marine  
  73  8:51  Marine  
  74  8:59  Medivac  
  74  9:00  Marine x2  
  78  9:03  Marine  
  75  9:15  Marine x2  
  75  9:22  Medivac  
  73  9:35  Medivac  
  73  9:37  Marine  
  72  9:40  Marine  
  61  9:48  Marine  
Tags
 
Add a new tag
Caveats
  • Supply blocks, unpowered buildings, or Contaminate may cause inaccurate times.
  • Supply counts are checked every 10 seconds.